Connexion

COLUMBUS Blue Jackets vs WASHINGTON Capitals

Created - 29 avril 2024 at 05:55

Goals
1 2 3 OT1 T
COLUMBUS Blue Jackets 2 1 2 0 5
WASHINGTON Capitals 3 1 1 1 6
Shots
1 2 3 OT1 T
COLUMBUS Blue Jackets 11 13 5 9 38
WASHINGTON Capitals 17 9 11 1 38

GoalsPenalties
1st period
1. WASHINGTON Capitals , Frederick Gaudreau 3 (Andreas Johnsson 1, Alex Pietrangelo 10) at 3:26
2. WASHINGTON Capitals , Nikita Kucherov 6 (Aleksander Barkov 9, Brandon Hagel 5) at 7:33
3. COLUMBUS Blue Jackets , Tyler Johnson 3 (Pierre-luc Dubois 3, John Marino 8) at 7:43
4. WASHINGTON Capitals , Brandon Hagel 4 (Nikita Kucherov 7, Nick Jensen 5) at 9:24 (PP)
5. COLUMBUS Blue Jackets , Carson Soucy 2 (Bo Horvat 4, William Lagesson 7) at 13:50
Aleksander Barkov (WAS) for Interference (Minor) at 0:08
Dante Fabbro (CLB) for Interference (Minor) at 8:32
Nick Jensen (WAS) for Roughing (Double Minor) at 19:02
2nd period
6. COLUMBUS Blue Jackets , Dante Fabbro 1 (Sven Baertschi 3, John Marino 9) at 9:26
7. WASHINGTON Capitals , Jared McCann 3 (Frederick Gaudreau 4, Alex Pietrangelo 11) at 16:35
Aleksander Barkov (WAS) for Tripping (Minor) at 10:11
Dryden Hunt (WAS) for Interference (Minor) at 12:26
3rd period
8. WASHINGTON Capitals , Nikita Kucherov 7 (Aleksander Barkov 10, Shea Theodore 6) at 10:02 (PP)
9. COLUMBUS Blue Jackets , Colin Blackwell 2 (Carson Soucy 2, Artturi Lehkonen 2) at 12:38
10. COLUMBUS Blue Jackets , Rudolfs Balcers 3 (Jordan Gross 3, Jeffrey Viel 1) at 18:01
Jeffrey Viel (CLB) for Roughing (Minor) at 4:33
Pierre-luc Dubois (CLB) for Slashing (Minor) at 9:42
John Marino (CLB) for Tripping (Minor) at 15:28
Overtime #1
11. WASHINGTON Capitals , Dryden Hunt 2 (Shea Theodore 7, Nick Jensen 6) at 7:42
Jordan Binnington (WAS) for Slashing (Minor) at 3:55 - Mikey Eyssimont served the penalty.
Goalie Stats
Vitek Vanecek (CLB), 32 saves from 38 shots - (0,842), OTL, 5-2-2, 67:43 minutes
Jordan Binnington (WAS), 33 saves from 38 shots - (0,868), W, 7-2-0, 67:43 minutes
3 StarsOfficial
1 - Nikita Kucherov (WAS)
2 - Frederick Gaudreau (WAS)
3 - Carson Soucy (CLB)
Referees : Ghislain Hebert and Steve Kozari
Linesman : Tim Nowak and Darren Gibbs
Game Note
No Game Note
Finance
Level 1 -- Attendance: 5226 (87,10%) -- Ticket Income $862,290
Level 2 -- Attendance: 4946 (89,93%) -- Ticket Income $544,060
Level 3 -- Attendance: 1482 (74,10%) -- Ticket Income $125,970
Level 4 -- Attendance: 3217 (80,43%) -- Ticket Income $186,586
Luxury Box -- Attendance: 1000 (100,00%) -- Ticket Income $250,000
Game was played at the Verizon Center.
Total Attendance: 15871 (85,79%)
Total Ticket Income: $1,968,906
Other Income: $393,781
Total Income: $2,362,687



Team Name Goals Shots Shots Attemp Shots Blocked PIM HIT PP PK FO%
COLUMBUS Blue Jackets 53876118280 / 6 (0%)242%
WASHINGTON Capitals 63872612232 / 4 (50%)058%

COLUMBUS Blue Jackets
Player Name POS G A P +/- PIM HIT SHT SB MP PP MP PP SHT PK MP PK SHT FO% FOT
Artturi LehkonenLW/RW0111002010:290:0000:0000% 0
Bo HorvatC0111033025:116:3611:20053% 36
Carson SoucyD112-1042324:465:2112:1800% 0
Colin BlackwellC/LW/RW1011005017:476:3610:42056% 16
Dante FabbroD1012232129:376:3412:1800% 0
Jack RoslovicC/RW0000004025:365:1922:58027% 37
Jeffrey VielLW011-120105:340:0000:0000% 0
John MarinoD0222226129:086:3441:4900% 0
Jordan GrossD0110000213:010:1600:0000% 0
Justin DanforthRW0001000010:290:0000:000100% 1
Nick PaulLW000-100005:510:1600:00067% 6
Pierre-luc DuboisC/LW0110263025:445:1913:0700% 1
Rudolfs BalcersLW/RW101-100105:350:0000:0000% 0
Sven BaertschiLW0111011018:080:0000:5300% 2
Tyler JohnsonC/LW/RW1010025023:585:1911:2000% 3
Will BorgenD0000030314:220:0001:3700% 0
William LagessonD011-1031124:305:0512:1800% 0
Yan GourdeC/LW/RW0001012023:356:2010:0000% 1
WASHINGTON Capitals
Player Name POS G A P +/- PIM HIT SHT SB MP PP MP PP SHT PK MP PK SHT FO% FOT
Aleksander BarkovC0220433023:212:3613:02052% 33
Alex KillornC/LW/RW0000003015:442:3401:36033% 3
Alex PietrangeloD0221010023:292:3006:0400% 0
Andreas JohnssonLW/RW0111010014:420:4100:0000% 0
Brandon HagelLW1120012127:382:3617:170100% 1
Denis GurianovLW/RW0000004011:340:0000:0000% 1
Dennis GilbertD000-2011215:250:0001:3100% 0
Dryden HuntC/LW101-222207:170:0000:00056% 9
Frederick GaudreauC/RW1121025123:522:3407:17171% 35
Givani SmithRW000-200107:180:0000:0000% 1
Jared McCannC/LW1011015020:321:5314:38033% 3
Joel KivirantaLW000-200107:180:0000:0000% 0
Mikey EyssimontC/LW0000003011:340:0000:00056% 16
Nick JensenD0220450128:322:4004:0400% 0
Nikita KucherovRW2130026020:212:3610:000100% 1
Sean WalkerD000-1010015:282:3000:1600% 0
Shea TheodoreD0220021130:202:4005:5100% 0
Slater KoekkoekD0000011022:110:0006:0400% 0



Play-by-Play

1st period


0:01 of 1st period - Jack Roslovic wins face-off versus Aleksander Barkov in neutral zone.
0:08 of 1st period - Minor Penalty to Aleksander Barkov for Interference.
0:09 of 1st period - Frederick Gaudreau wins face-off versus Tyler Johnson in WASHINGTON Capitals zone.
0:16 of 1st period - Shot by John Marino.
0:16 of 1st period - Stopped by Jordan Binnington without a rebound.
0:17 of 1st period - Bo Horvat wins face-off versus Alex Killorn in WASHINGTON Capitals zone.
0:26 of 1st period - Shot by Colin Blackwell.
0:26 of 1st period - Shot Misses the Net.
0:28 of 1st period - Shot by Colin Blackwell.
0:28 of 1st period - Shot Misses the Net.
0:30 of 1st period - Shot by William Lagesson.
0:30 of 1st period - Stopped by Jordan Binnington without a rebound.
0:31 of 1st period - Frederick Gaudreau wins face-off versus Jack Roslovic in WASHINGTON Capitals zone.
0:52 of 1st period - Shot by Jack Roslovic.
0:52 of 1st period - Shot Misses the Net.
1:03 of 1st period - Shot by John Marino.
1:03 of 1st period - Stopped by Jordan Binnington without a rebound.
1:04 of 1st period - Colin Blackwell wins face-off versus Jared McCann in WASHINGTON Capitals zone.
1:39 of 1st period - Shot by Bo Horvat.
1:39 of 1st period - Shot Misses the Net.
1:52 of 1st period - Icing by Carson Soucy.
1:53 of 1st period - Frederick Gaudreau wins face-off versus Bo Horvat in COLUMBUS Blue Jackets zone.
2:15 of 1st period - Icing by John Marino.
2:16 of 1st period - Aleksander Barkov wins face-off versus Jack Roslovic in COLUMBUS Blue Jackets zone.
2:40 of 1st period - Shot by Tyler Johnson.
2:40 of 1st period - Shot Misses the Net.
2:54 of 1st period - Shot by John Marino.
2:54 of 1st period - Stopped by Jordan Binnington with a rebound.
3:15 of 1st period - Icing by Jordan Gross.
3:16 of 1st period - Frederick Gaudreau wins face-off versus Nick Paul in COLUMBUS Blue Jackets zone.
3:16 of 1st period - Frederick Gaudreau is hit by Will Borgen.
3:24 of 1st period - Shot by Andreas Johnsson.
3:24 of 1st period - Shot Blocked by Jordan Gross.
3:26 of 1st period - Shot by Frederick Gaudreau.
3:26 of 1st period - Goal by Frederick Gaudreau - COLUMBUS Blue Jackets : 0 - WASHINGTON Capitals : 1.
3:27 of 1st period - Mikey Eyssimont wins face-off versus Bo Horvat in neutral zone.
3:36 of 1st period - Shot by Dennis Gilbert.
3:36 of 1st period - Deflect By Mikey Eyssimont.
3:36 of 1st period - Stopped by Vitek Vanecek without a rebound.
3:37 of 1st period - Frederick Gaudreau wins face-off versus Colin Blackwell in COLUMBUS Blue Jackets zone.
4:06 of 1st period - Shot by Jared McCann.
4:06 of 1st period - Stopped by Vitek Vanecek without a rebound.
4:07 of 1st period - Mikey Eyssimont wins face-off versus Bo Horvat in COLUMBUS Blue Jackets zone.
4:10 of 1st period - Shot by Alex Killorn.
4:10 of 1st period - Shot Misses the Net.
5:04 of 1st period - Slater Koekkoek is hit by Bo Horvat and loses puck.
6:19 of 1st period - Tyler Johnson is hit by Frederick Gaudreau and loses puck.
6:31 of 1st period - Icing by Dennis Gilbert.
6:32 of 1st period - Frederick Gaudreau wins face-off versus Colin Blackwell in WASHINGTON Capitals zone.
6:49 of 1st period - Shot by Artturi Lehkonen.
6:49 of 1st period - Shot Misses the Net.
6:58 of 1st period - Icing by Shea Theodore.
6:59 of 1st period - Nick Paul wins face-off versus Dryden Hunt in WASHINGTON Capitals zone.
7:00 of 1st period - Shot by Jordan Gross.
7:00 of 1st period - Shot Misses the Net.
7:06 of 1st period - Shot by Givani Smith.
7:06 of 1st period - Stopped by Vitek Vanecek without a rebound.
7:07 of 1st period - Nick Paul wins face-off versus Aleksander Barkov in COLUMBUS Blue Jackets zone.
7:07 of 1st period - Nick Paul is hit by Aleksander Barkov.
7:31 of 1st period - Shot by Nikita Kucherov.
7:31 of 1st period - Shot Misses the Net.
7:33 of 1st period - Shot by Nikita Kucherov.
7:33 of 1st period - Goal by Nikita Kucherov - COLUMBUS Blue Jackets : 0 - WASHINGTON Capitals : 2.
7:34 of 1st period - Jack Roslovic wins face-off versus Frederick Gaudreau in neutral zone.
7:37 of 1st period - Shot by Tyler Johnson.
7:37 of 1st period - Shot Hit the Post.
7:39 of 1st period - Shot by Tyler Johnson.
7:39 of 1st period - Shot Misses the Net.
7:43 of 1st period - Shot by Pierre-luc Dubois.
7:43 of 1st period - Deflect By Tyler Johnson.
7:43 of 1st period - Goal by Tyler Johnson - COLUMBUS Blue Jackets : 1 - WASHINGTON Capitals : 2.
7:44 of 1st period - Mikey Eyssimont wins face-off versus Bo Horvat in neutral zone.
8:09 of 1st period - Shot by Alex Killorn.
8:09 of 1st period - Shot Blocked by Will Borgen.
8:11 of 1st period - Shot by Denis Gurianov.
8:11 of 1st period - Stopped by Vitek Vanecek without a rebound.
8:12 of 1st period - Jack Roslovic wins face-off versus Aleksander Barkov in COLUMBUS Blue Jackets zone.
8:32 of 1st period - Minor Penalty to Dante Fabbro for Interference.
8:33 of 1st period - Frederick Gaudreau wins face-off versus Jack Roslovic in COLUMBUS Blue Jackets zone.
8:36 of 1st period - Shot by Jared McCann.
8:36 of 1st period - Stopped by Vitek Vanecek without a rebound.
8:37 of 1st period - Aleksander Barkov wins face-off versus Jack Roslovic in COLUMBUS Blue Jackets zone.
8:38 of 1st period - Shot by Nikita Kucherov.
8:38 of 1st period - Shot Hit the Post.
8:40 of 1st period - Shot by Aleksander Barkov.
8:40 of 1st period - Stopped by Vitek Vanecek without a rebound.
8:41 of 1st period - Jack Roslovic wins face-off versus Aleksander Barkov in COLUMBUS Blue Jackets zone.
9:20 of 1st period - Shot by Nikita Kucherov.
9:20 of 1st period - Shot Misses the Net.
9:22 of 1st period - Shot by Nikita Kucherov.
9:22 of 1st period - Shot Blocked by Will Borgen.
9:24 of 1st period - Shot by Brandon Hagel.
9:24 of 1st period - Goal by Brandon Hagel - COLUMBUS Blue Jackets : 1 - WASHINGTON Capitals : 3.
9:25 of 1st period - Frederick Gaudreau wins face-off versus Colin Blackwell in neutral zone.
10:03 of 1st period - Shot by Colin Blackwell.
10:03 of 1st period - Stopped by Jordan Binnington without a rebound.
10:04 of 1st period - Bo Horvat wins face-off versus Mikey Eyssimont in WASHINGTON Capitals zone.
10:11 of 1st period - Shot by Alex Killorn.
10:11 of 1st period - Stopped by Vitek Vanecek without a rebound.
10:12 of 1st period - Aleksander Barkov wins face-off versus Jack Roslovic in COLUMBUS Blue Jackets zone.
10:17 of 1st period - Shot by Brandon Hagel.
10:17 of 1st period - Shot Misses the Net.
10:25 of 1st period - Shot by Aleksander Barkov.
10:25 of 1st period - Stopped by Vitek Vanecek without a rebound.
10:26 of 1st period - Bo Horvat wins face-off versus Dryden Hunt in COLUMBUS Blue Jackets zone.
10:26 of 1st period - Bo Horvat is hit by Dryden Hunt.
10:50 of 1st period - Off-side.
10:51 of 1st period - Aleksander Barkov wins face-off versus Jack Roslovic in neutral zone.
11:08 of 1st period - Shot by John Marino.
11:08 of 1st period - Deflect By Jack Roslovic.
11:08 of 1st period - Shot Misses the Net.
11:22 of 1st period - Shot by Nikita Kucherov.
11:22 of 1st period - Stopped by Vitek Vanecek without a rebound.
11:23 of 1st period - Bo Horvat wins face-off versus Frederick Gaudreau in COLUMBUS Blue Jackets zone.
11:49 of 1st period - Jared McCann is hit by Carson Soucy and loses puck.
11:52 of 1st period - Shot by Jared McCann.
11:52 of 1st period - Shot Misses the Net.
11:54 of 1st period - Shot by Jared McCann.
11:54 of 1st period - Shot Misses the Net.
11:56 of 1st period - Shot by Jared McCann.
11:56 of 1st period - Shot Misses the Net.
11:58 of 1st period - Shot by Slater Koekkoek.
11:58 of 1st period - Shot Misses the Net.
13:38 of 1st period - Shot by Pierre-luc Dubois.
13:38 of 1st period - Stopped by Jordan Binnington without a rebound.
13:39 of 1st period - Dryden Hunt wins face-off versus Bo Horvat in WASHINGTON Capitals zone.
13:39 of 1st period - Joel Kiviranta is hit by Yan Gourde and loses puck.
13:48 of 1st period - Shot by Bo Horvat.
13:48 of 1st period - Shot Misses the Net.
13:50 of 1st period - Shot by Carson Soucy.
13:50 of 1st period - Goal by Carson Soucy - COLUMBUS Blue Jackets : 2 - WASHINGTON Capitals : 3.
13:51 of 1st period - Nick Paul wins face-off versus Mikey Eyssimont in neutral zone.
14:17 of 1st period - Shot by Alex Killorn.
14:17 of 1st period - Stopped by Vitek Vanecek without a rebound.
14:18 of 1st period - Frederick Gaudreau wins face-off versus Jack Roslovic in COLUMBUS Blue Jackets zone.
14:31 of 1st period - Shot by Frederick Gaudreau.
14:31 of 1st period - Shot Misses the Net.
14:33 of 1st period - Shot by Sean Walker.
14:33 of 1st period - Shot Misses the Net.
14:35 of 1st period - Shot by Frederick Gaudreau.
14:35 of 1st period - Stopped by Vitek Vanecek with a rebound.
14:43 of 1st period - Shot by Jared McCann.
14:43 of 1st period - Stopped by Vitek Vanecek without a rebound.
14:44 of 1st period - Bo Horvat wins face-off versus Aleksander Barkov in COLUMBUS Blue Jackets zone.
14:55 of 1st period - Shot by Nikita Kucherov.
14:55 of 1st period - Stopped by Vitek Vanecek without a rebound.
14:56 of 1st period - Mikey Eyssimont wins face-off versus Colin Blackwell in COLUMBUS Blue Jackets zone.
15:10 of 1st period - Icing by Dante Fabbro.
15:11 of 1st period - Aleksander Barkov wins face-off versus Colin Blackwell in COLUMBUS Blue Jackets zone.
15:19 of 1st period - Artturi Lehkonen is hit by Nikita Kucherov and loses puck.
15:31 of 1st period - Icing by Shea Theodore.
15:32 of 1st period - Jack Roslovic wins face-off versus Aleksander Barkov in WASHINGTON Capitals zone.
15:35 of 1st period - Shot by Pierre-luc Dubois.
15:35 of 1st period - Deflect By Jack Roslovic.
15:35 of 1st period - Shot Blocked by Brandon Hagel.
15:47 of 1st period - Shot by Nikita Kucherov.
15:47 of 1st period - Stopped by Vitek Vanecek without a rebound.
15:48 of 1st period - Bo Horvat wins face-off versus Frederick Gaudreau in COLUMBUS Blue Jackets zone.
15:52 of 1st period - John Marino is hit by Dennis Gilbert and loses puck.
17:13 of 1st period - Shot by Jack Roslovic.
17:13 of 1st period - Shot Misses the Net.
17:21 of 1st period - Shot by Tyler Johnson.
17:21 of 1st period - Stopped by Jordan Binnington without a rebound.
17:22 of 1st period - Mikey Eyssimont wins face-off versus Colin Blackwell in WASHINGTON Capitals zone.
17:46 of 1st period - Shot by Artturi Lehkonen.
17:46 of 1st period - Stopped by Jordan Binnington with a rebound.
18:01 of 1st period - Shot by Artturi Lehkonen.
18:01 of 1st period - Stopped by Jordan Binnington without a rebound.
18:02 of 1st period - Dryden Hunt wins face-off versus Jack Roslovic in WASHINGTON Capitals zone.
18:02 of 1st period - Dryden Hunt is hit by Pierre-luc Dubois.
18:48 of 1st period - Shea Theodore is hit by Pierre-luc Dubois and loses puck.
19:02 of 1st period - Double Minor Penalty to Nick Jensen for Roughing.
19:03 of 1st period - Frederick Gaudreau wins face-off versus Bo Horvat in WASHINGTON Capitals zone.
19:17 of 1st period - Icing by Yan Gourde.
19:18 of 1st period - Bo Horvat wins face-off versus Frederick Gaudreau in COLUMBUS Blue Jackets zone.
19:31 of 1st period - Shot by Yan Gourde.
19:31 of 1st period - Shot Misses the Net.
Goals for this period are 2 for COLUMBUS Blue Jackets vs 3 for WASHINGTON Capitals.
Shots for this period are 11 for COLUMBUS Blue Jackets vs 17 for WASHINGTON Capitals.

2nd period


0:01 of 2nd period - Frederick Gaudreau wins face-off versus Jack Roslovic in neutral zone.
0:40 of 2nd period - Shot by Tyler Johnson.
0:40 of 2nd period - Stopped by Jordan Binnington without a rebound.
0:41 of 2nd period - Bo Horvat wins face-off versus Aleksander Barkov in WASHINGTON Capitals zone.
1:16 of 2nd period - Shot by Bo Horvat.
1:16 of 2nd period - Stopped by Jordan Binnington without a rebound.
1:17 of 2nd period - Jack Roslovic wins face-off versus Frederick Gaudreau in WASHINGTON Capitals zone.
1:42 of 2nd period - Shot by Dante Fabbro.
1:42 of 2nd period - Stopped by Jordan Binnington without a rebound.
1:43 of 2nd period - Frederick Gaudreau wins face-off versus Yan Gourde in WASHINGTON Capitals zone.
2:35 of 2nd period - Jared McCann is hit by John Marino and loses puck.
2:57 of 2nd period - Shot by John Marino.
2:57 of 2nd period - Stopped by Jordan Binnington with a rebound.
2:59 of 2nd period - Shot by Pierre-luc Dubois.
2:59 of 2nd period - Stopped by Jordan Binnington without a rebound.
3:00 of 2nd period - Frederick Gaudreau wins face-off versus Jack Roslovic in WASHINGTON Capitals zone.
4:30 of 2nd period - Shot by Bo Horvat.
4:30 of 2nd period - Stopped by Jordan Binnington without a rebound.
4:31 of 2nd period - Jack Roslovic wins face-off versus Aleksander Barkov in WASHINGTON Capitals zone.
4:58 of 2nd period - Nikita Kucherov is hit by Carson Soucy and loses puck.
5:15 of 2nd period - Shot by Brandon Hagel.
5:15 of 2nd period - Shot Blocked by William Lagesson.
5:28 of 2nd period - William Lagesson is hit by Sean Walker.
5:50 of 2nd period - Shot by Sven Baertschi.
5:50 of 2nd period - Stopped by Jordan Binnington with a rebound.
5:52 of 2nd period - Shot by Bo Horvat.
5:52 of 2nd period - Shot Blocked by Dennis Gilbert.
5:54 of 2nd period - Shot by Dante Fabbro.
5:54 of 2nd period - Shot Blocked by Frederick Gaudreau.
5:56 of 2nd period - Shot by Sven Baertschi.
5:56 of 2nd period - Shot Misses the Net.
5:58 of 2nd period - Shot by Yan Gourde.
5:58 of 2nd period - Shot Blocked by Dennis Gilbert.
6:00 of 2nd period - Shot by John Marino.
6:00 of 2nd period - Stopped by Jordan Binnington without a rebound.
6:01 of 2nd period - Colin Blackwell wins face-off versus Mikey Eyssimont in WASHINGTON Capitals zone.
6:22 of 2nd period - Shot by Colin Blackwell.
6:22 of 2nd period - Stopped by Jordan Binnington without a rebound.
6:23 of 2nd period - Aleksander Barkov wins face-off versus Bo Horvat in WASHINGTON Capitals zone.
6:42 of 2nd period - Shot by Nikita Kucherov.
6:42 of 2nd period - Deflect By Aleksander Barkov.
6:42 of 2nd period - Stopped by Vitek Vanecek without a rebound.
6:43 of 2nd period - Colin Blackwell wins face-off versus Frederick Gaudreau in COLUMBUS Blue Jackets zone.
7:14 of 2nd period - Shot by Frederick Gaudreau.
7:14 of 2nd period - Shot Misses the Net.
7:38 of 2nd period - Shot by Nikita Kucherov.
7:38 of 2nd period - Stopped by Vitek Vanecek with a rebound.
7:58 of 2nd period - Shot by Brandon Hagel.
7:58 of 2nd period - Deflect By Aleksander Barkov.
7:58 of 2nd period - Shot Hit the Post.
8:01 of 2nd period - Icing by Jordan Gross.
8:02 of 2nd period - Colin Blackwell wins face-off versus Mikey Eyssimont in COLUMBUS Blue Jackets zone.
8:35 of 2nd period - Icing by Nick Jensen.
8:36 of 2nd period - Bo Horvat wins face-off versus Mikey Eyssimont in WASHINGTON Capitals zone.
8:40 of 2nd period - Icing by Nick Jensen.
8:41 of 2nd period - Bo Horvat wins face-off versus Mikey Eyssimont in WASHINGTON Capitals zone.
8:42 of 2nd period - Shot by Sven Baertschi.
8:42 of 2nd period - Shot Misses the Net.
9:26 of 2nd period - Shot by Dante Fabbro.
9:26 of 2nd period - Goal by Dante Fabbro - COLUMBUS Blue Jackets : 3 - WASHINGTON Capitals : 3.
9:27 of 2nd period - Frederick Gaudreau wins face-off versus Jack Roslovic in neutral zone.
9:27 of 2nd period - Frederick Gaudreau is hit by Pierre-luc Dubois.
9:31 of 2nd period - Carson Soucy is hit by Jared McCann and loses puck.
9:58 of 2nd period - Icing by Tyler Johnson.
9:59 of 2nd period - Jack Roslovic wins face-off versus Aleksander Barkov in COLUMBUS Blue Jackets zone.
9:59 of 2nd period - Jack Roslovic is hit by Aleksander Barkov.
10:08 of 2nd period - Alex Pietrangelo is hit by William Lagesson.
10:11 of 2nd period - Minor Penalty to Aleksander Barkov for Tripping.
10:12 of 2nd period - Bo Horvat wins face-off versus Frederick Gaudreau in WASHINGTON Capitals zone.
10:15 of 2nd period - Shot by Yan Gourde.
10:15 of 2nd period - Shot Misses the Net.
10:35 of 2nd period - Shot by Bo Horvat.
10:35 of 2nd period - Shot Misses the Net.
10:37 of 2nd period - Shot by John Marino.
10:37 of 2nd period - Shot Misses the Net.
11:19 of 2nd period - Shot by Carson Soucy.
11:19 of 2nd period - Shot Misses the Net.
11:27 of 2nd period - Shot by Jack Roslovic.
11:27 of 2nd period - Shot Blocked by Nick Jensen.
11:29 of 2nd period - Shot by Jack Roslovic.
11:29 of 2nd period - Stopped by Jordan Binnington without a rebound.
11:30 of 2nd period - Brandon Hagel wins face-off versus Jack Roslovic in WASHINGTON Capitals zone.
11:48 of 2nd period - Icing by John Marino.
11:49 of 2nd period - Frederick Gaudreau wins face-off versus Jack Roslovic in COLUMBUS Blue Jackets zone.
12:00 of 2nd period - Shot by Frederick Gaudreau.
12:00 of 2nd period - Deflect By Brandon Hagel.
12:00 of 2nd period - Shot Misses the Net.
12:25 of 2nd period - Shot by Denis Gurianov.
12:25 of 2nd period - Stopped by Vitek Vanecek without a rebound.
12:26 of 2nd period - Nick Paul wins face-off versus Givani Smith in COLUMBUS Blue Jackets zone.
12:26 of 2nd period - Minor Penalty to Dryden Hunt for Interference.
12:27 of 2nd period - Frederick Gaudreau wins face-off versus Bo Horvat in WASHINGTON Capitals zone.
12:40 of 2nd period - Shot by Frederick Gaudreau.
12:40 of 2nd period - Stopped by Vitek Vanecek without a rebound.
12:41 of 2nd period - Aleksander Barkov wins face-off versus Bo Horvat in COLUMBUS Blue Jackets zone.
13:33 of 2nd period - Shot by John Marino.
13:33 of 2nd period - Stopped by Jordan Binnington without a rebound.
13:34 of 2nd period - Frederick Gaudreau wins face-off versus Jack Roslovic in WASHINGTON Capitals zone.
13:43 of 2nd period - Alex Pietrangelo is hit by Pierre-luc Dubois.
13:59 of 2nd period - Shot by John Marino.
13:59 of 2nd period - Shot Misses the Net.
14:11 of 2nd period - Shot by Jack Roslovic.
14:11 of 2nd period - Stopped by Jordan Binnington without a rebound.
14:12 of 2nd period - Bo Horvat wins face-off versus Aleksander Barkov in WASHINGTON Capitals zone.
14:23 of 2nd period - Shot by Bo Horvat.
14:23 of 2nd period - Shot Misses the Net.
14:25 of 2nd period - Shot by Colin Blackwell.
14:25 of 2nd period - Shot Misses the Net.
14:41 of 2nd period - Shot by Alex Killorn.
14:41 of 2nd period - Stopped by Vitek Vanecek without a rebound.
14:42 of 2nd period - Dryden Hunt wins face-off versus Bo Horvat in COLUMBUS Blue Jackets zone.
14:45 of 2nd period - Shot by Joel Kiviranta.
14:45 of 2nd period - Stopped by Vitek Vanecek without a rebound.
14:46 of 2nd period - Mikey Eyssimont wins face-off versus Jack Roslovic in COLUMBUS Blue Jackets zone.
14:46 of 2nd period - Alex Killorn is hit by Dante Fabbro and loses puck.
14:51 of 2nd period - Shot by Denis Gurianov.
14:51 of 2nd period - Stopped by Vitek Vanecek without a rebound.
14:52 of 2nd period - Aleksander Barkov wins face-off versus Tyler Johnson in COLUMBUS Blue Jackets zone.
14:52 of 2nd period - Aleksander Barkov is hit by John Marino.
15:05 of 2nd period - Jack Roslovic is hit by Brandon Hagel and loses puck.
15:14 of 2nd period - Nick Jensen is hit by Pierre-luc Dubois.
15:24 of 2nd period - Brandon Hagel is hit by Pierre-luc Dubois and loses puck.
15:28 of 2nd period - Icing by Shea Theodore.
15:29 of 2nd period - Bo Horvat wins face-off versus Aleksander Barkov in WASHINGTON Capitals zone.
15:34 of 2nd period - Shot by Yan Gourde.
15:34 of 2nd period - Shot Misses the Net.
15:40 of 2nd period - Shot by Nikita Kucherov.
15:40 of 2nd period - Shot Misses the Net.
15:42 of 2nd period - Shot by Brandon Hagel.
15:42 of 2nd period - Shot Blocked by Carson Soucy.
15:56 of 2nd period - Jared McCann is hit by Bo Horvat and loses puck.
16:12 of 2nd period - Sven Baertschi is hit by Frederick Gaudreau and loses puck.
16:29 of 2nd period - Shot by Andreas Johnsson.
16:29 of 2nd period - Deflect By Jared McCann.
16:29 of 2nd period - Shot Misses the Net.
16:33 of 2nd period - Shot by Frederick Gaudreau.
16:33 of 2nd period - Shot Misses the Net.
16:35 of 2nd period - Shot by Jared McCann.
16:35 of 2nd period - Goal by Jared McCann - COLUMBUS Blue Jackets : 3 - WASHINGTON Capitals : 4.
16:36 of 2nd period - Mikey Eyssimont wins face-off versus Jack Roslovic in neutral zone.
16:36 of 2nd period - Denis Gurianov is hit by Tyler Johnson and loses puck.
18:57 of 2nd period - Shot by Frederick Gaudreau.
18:57 of 2nd period - Stopped by Vitek Vanecek without a rebound.
18:58 of 2nd period - Dryden Hunt wins face-off versus Bo Horvat in COLUMBUS Blue Jackets zone.
18:58 of 2nd period - Dryden Hunt is hit by William Lagesson.
19:20 of 2nd period - Sean Walker is hit by William Lagesson and loses puck.
19:27 of 2nd period - Dennis Gilbert is hit by Sven Baertschi.
19:33 of 2nd period - Shot by Dryden Hunt.
19:33 of 2nd period - Shot Blocked by Carson Soucy.
Goals for this period are 1 for COLUMBUS Blue Jackets vs 1 for WASHINGTON Capitals.
Shots for this period are 13 for COLUMBUS Blue Jackets vs 9 for WASHINGTON Capitals.

3rd period


0:01 of 3rd period - Nikita Kucherov wins face-off versus Jack Roslovic in neutral zone.
0:17 of 3rd period - Tyler Johnson is hit by Nick Jensen.
0:19 of 3rd period - Shot by Jack Roslovic.
0:19 of 3rd period - Stopped by Jordan Binnington without a rebound.
0:20 of 3rd period - Frederick Gaudreau wins face-off versus Bo Horvat in WASHINGTON Capitals zone.
0:26 of 3rd period - Frederick Gaudreau is hit by Carson Soucy.
0:28 of 3rd period - Shot by Jared McCann.
0:28 of 3rd period - Stopped by Vitek Vanecek without a rebound.
0:29 of 3rd period - Aleksander Barkov wins face-off versus Jack Roslovic in COLUMBUS Blue Jackets zone.
1:06 of 3rd period - Shot by Jack Roslovic.
1:06 of 3rd period - Shot Misses the Net.
1:42 of 3rd period - Tyler Johnson is hit by Andreas Johnsson and loses puck.
1:52 of 3rd period - John Marino is hit by Alex Pietrangelo and loses puck.
2:06 of 3rd period - Sven Baertschi is hit by Slater Koekkoek and loses puck.
3:07 of 3rd period - Icing by Mikey Eyssimont.
3:08 of 3rd period - Colin Blackwell wins face-off versus Mikey Eyssimont in WASHINGTON Capitals zone.
3:30 of 3rd period - Icing by Justin Danforth.
3:31 of 3rd period - Justin Danforth wins face-off versus Aleksander Barkov in COLUMBUS Blue Jackets zone.
3:39 of 3rd period - Shea Theodore is hit by Will Borgen and loses puck.
3:44 of 3rd period - Shot by Aleksander Barkov.
3:44 of 3rd period - Shot Misses the Net.
3:46 of 3rd period - Shot by Shea Theodore.
3:46 of 3rd period - Shot Blocked by Jordan Gross.
3:57 of 3rd period - Nikita Kucherov is hit by Will Borgen and loses puck.
4:33 of 3rd period - Minor Penalty to Jeffrey Viel for Roughing.
4:34 of 3rd period - Jack Roslovic wins face-off versus Frederick Gaudreau in COLUMBUS Blue Jackets zone.
5:43 of 3rd period - Shot by Nikita Kucherov.
5:43 of 3rd period - Shot Blocked by John Marino.
5:56 of 3rd period - Aleksander Barkov is hit by Tyler Johnson and loses puck.
6:02 of 3rd period - Aleksander Barkov is hit by Carson Soucy and loses puck.
7:10 of 3rd period - Shot by Dryden Hunt.
7:10 of 3rd period - Stopped by Vitek Vanecek without a rebound.
7:11 of 3rd period - Alex Killorn wins face-off versus Bo Horvat in COLUMBUS Blue Jackets zone.
7:27 of 3rd period - Icing by William Lagesson.
7:28 of 3rd period - Aleksander Barkov wins face-off versus Sven Baertschi in COLUMBUS Blue Jackets zone.
8:04 of 3rd period - Icing by Carson Soucy.
8:05 of 3rd period - Bo Horvat wins face-off versus Frederick Gaudreau in COLUMBUS Blue Jackets zone.
8:05 of 3rd period - Bo Horvat is hit by Nick Jensen.
8:10 of 3rd period - Off-side.
8:11 of 3rd period - Frederick Gaudreau wins face-off versus Jack Roslovic in neutral zone.
8:42 of 3rd period - Icing by Nick Jensen.
8:43 of 3rd period - Colin Blackwell wins face-off versus Jared McCann in WASHINGTON Capitals zone.
9:12 of 3rd period - Icing by Jordan Gross.
9:13 of 3rd period - Colin Blackwell wins face-off versus Aleksander Barkov in COLUMBUS Blue Jackets zone.
9:25 of 3rd period - Shot by Aleksander Barkov.
9:25 of 3rd period - Shot Blocked by Will Borgen.
9:27 of 3rd period - Shot by Slater Koekkoek.
9:27 of 3rd period - Stopped by Vitek Vanecek without a rebound.
9:28 of 3rd period - Jack Roslovic wins face-off versus Denis Gurianov in COLUMBUS Blue Jackets zone.
9:42 of 3rd period - Minor Penalty to Pierre-luc Dubois for Slashing.
9:43 of 3rd period - Aleksander Barkov wins face-off versus Sven Baertschi in COLUMBUS Blue Jackets zone.
10:00 of 3rd period - Shot by Aleksander Barkov.
10:00 of 3rd period - Deflect By Nikita Kucherov.
10:00 of 3rd period - Shot Misses the Net.
10:02 of 3rd period - Shot by Nikita Kucherov.
10:02 of 3rd period - Goal by Nikita Kucherov - COLUMBUS Blue Jackets : 3 - WASHINGTON Capitals : 5.
10:03 of 3rd period - Frederick Gaudreau wins face-off versus Nick Paul in neutral zone.
11:10 of 3rd period - Shot by Tyler Johnson.
11:10 of 3rd period - Stopped by Jordan Binnington without a rebound.
11:11 of 3rd period - Bo Horvat wins face-off versus Aleksander Barkov in WASHINGTON Capitals zone.
11:11 of 3rd period - Jordan Gross is hit by Nick Jensen and loses puck.
11:17 of 3rd period - Yan Gourde is hit by Nick Jensen and loses puck.
11:26 of 3rd period - Shot by Bo Horvat.
11:26 of 3rd period - Shot Misses the Net.
12:29 of 3rd period - Shot by Mikey Eyssimont.
12:29 of 3rd period - Stopped by Vitek Vanecek without a rebound.
12:30 of 3rd period - Colin Blackwell wins face-off versus Dryden Hunt in COLUMBUS Blue Jackets zone.
12:30 of 3rd period - Justin Danforth is hit by Dryden Hunt.
12:38 of 3rd period - Shot by Colin Blackwell.
12:38 of 3rd period - Goal by Colin Blackwell - COLUMBUS Blue Jackets : 4 - WASHINGTON Capitals : 5.
12:39 of 3rd period - Mikey Eyssimont wins face-off versus Colin Blackwell in neutral zone.
12:48 of 3rd period - Shot by Mikey Eyssimont.
12:48 of 3rd period - Stopped by Vitek Vanecek with a rebound.
13:00 of 3rd period - Shot by Denis Gurianov.
13:00 of 3rd period - Shot Misses the Net.
13:02 of 3rd period - Shot by Dennis Gilbert.
13:02 of 3rd period - Stopped by Vitek Vanecek with a rebound.
13:04 of 3rd period - Shot by Denis Gurianov.
13:04 of 3rd period - Stopped by Vitek Vanecek without a rebound.
13:05 of 3rd period - Frederick Gaudreau wins face-off versus Jack Roslovic in COLUMBUS Blue Jackets zone.
13:05 of 3rd period - Frederick Gaudreau is hit by Dante Fabbro.
13:13 of 3rd period - Shot by Shea Theodore.
13:13 of 3rd period - Stopped by Vitek Vanecek without a rebound.
13:14 of 3rd period - Aleksander Barkov wins face-off versus Tyler Johnson in COLUMBUS Blue Jackets zone.
13:18 of 3rd period - Icing by John Marino.
13:19 of 3rd period - Aleksander Barkov wins face-off versus Jack Roslovic in COLUMBUS Blue Jackets zone.
13:53 of 3rd period - Off-side.
13:54 of 3rd period - Frederick Gaudreau wins face-off versus Bo Horvat in neutral zone.
14:44 of 3rd period - Icing by Sven Baertschi.
14:45 of 3rd period - Bo Horvat wins face-off versus Aleksander Barkov in COLUMBUS Blue Jackets zone.
14:45 of 3rd period - Bo Horvat is hit by Aleksander Barkov.
14:48 of 3rd period - Yan Gourde is hit by Nikita Kucherov and loses puck.
15:28 of 3rd period - Minor Penalty to John Marino for Tripping.
15:29 of 3rd period - Frederick Gaudreau wins face-off versus Jack Roslovic in COLUMBUS Blue Jackets zone.
16:47 of 3rd period - Shot by Brandon Hagel.
16:47 of 3rd period - Shot Misses the Net.
17:43 of 3rd period - Shot by Jeffrey Viel.
17:43 of 3rd period - Stopped by Jordan Binnington with a rebound.
18:01 of 3rd period - Shot by Rudolfs Balcers.
18:01 of 3rd period - Goal by Rudolfs Balcers - COLUMBUS Blue Jackets : 5 - WASHINGTON Capitals : 5.
18:02 of 3rd period - Bo Horvat wins face-off versus Alex Killorn in neutral zone.
18:27 of 3rd period - Shot by Bo Horvat.
18:27 of 3rd period - Deflect By Yan Gourde.
18:27 of 3rd period - Shot Blocked by Shea Theodore.
19:12 of 3rd period - Shot by Aleksander Barkov.
19:12 of 3rd period - Deflect By Brandon Hagel.
19:12 of 3rd period - Stopped by Vitek Vanecek with a rebound.
19:21 of 3rd period - Icing by Yan Gourde.
19:22 of 3rd period - Frederick Gaudreau wins face-off versus Bo Horvat in COLUMBUS Blue Jackets zone.
19:25 of 3rd period - Shot by Andreas Johnsson.
19:25 of 3rd period - Shot Misses the Net.
19:34 of 3rd period - Shot by Andreas Johnsson.
19:34 of 3rd period - Shot Blocked by Dante Fabbro.
19:36 of 3rd period - Shot by Frederick Gaudreau.
19:36 of 3rd period - Stopped by Vitek Vanecek without a rebound.
19:37 of 3rd period - Dryden Hunt wins face-off versus Jack Roslovic in COLUMBUS Blue Jackets zone.
19:50 of 3rd period - Shot by Joel Kiviranta.
19:50 of 3rd period - Shot Blocked by Carson Soucy.
Goals for this period are 2 for COLUMBUS Blue Jackets vs 1 for WASHINGTON Capitals.
Shots for this period are 5 for COLUMBUS Blue Jackets vs 11 for WASHINGTON Capitals.

Overtime #1


0:01 of 1st overtime period - Aleksander Barkov wins face-off versus Jack Roslovic in neutral zone.
0:03 of 1st overtime period - Off-side.
0:04 of 1st overtime period - Aleksander Barkov wins face-off versus Jack Roslovic in neutral zone.
0:08 of 1st overtime period - Icing by John Marino.
0:09 of 1st overtime period - Aleksander Barkov wins face-off versus Pierre-luc Dubois in COLUMBUS Blue Jackets zone.
0:37 of 1st overtime period - Shea Theodore is hit by Dante Fabbro.
0:53 of 1st overtime period - Shot by Tyler Johnson.
0:53 of 1st overtime period - Stopped by Jordan Binnington without a rebound.
0:54 of 1st overtime period - Bo Horvat wins face-off versus Frederick Gaudreau in WASHINGTON Capitals zone.
1:01 of 1st overtime period - Shot by Carson Soucy.
1:01 of 1st overtime period - Shot Misses the Net.
1:03 of 1st overtime period - Shot by Carson Soucy.
1:03 of 1st overtime period - Shot Misses the Net.
1:05 of 1st overtime period - Shot by Yan Gourde.
1:05 of 1st overtime period - Deflect By Bo Horvat.
1:05 of 1st overtime period - Shot Misses the Net.
1:07 of 1st overtime period - Shot by Bo Horvat.
1:07 of 1st overtime period - Stopped by Jordan Binnington with a rebound.
1:09 of 1st overtime period - Shot by William Lagesson.
1:09 of 1st overtime period - Shot Misses the Net.
1:11 of 1st overtime period - Shot by Yan Gourde.
1:11 of 1st overtime period - Stopped by Jordan Binnington with a rebound.
1:50 of 1st overtime period - Icing by William Lagesson.
1:51 of 1st overtime period - Bo Horvat wins face-off versus Aleksander Barkov in COLUMBUS Blue Jackets zone.
1:55 of 1st overtime period - Carson Soucy is hit by Nick Jensen and loses puck.
2:53 of 1st overtime period - Icing by Denis Gurianov.
2:54 of 1st overtime period - Mikey Eyssimont wins face-off versus Jack Roslovic in WASHINGTON Capitals zone.
3:15 of 1st overtime period - Shot by Pierre-luc Dubois.
3:15 of 1st overtime period - Stopped by Jordan Binnington with a rebound.
3:29 of 1st overtime period - Shot by Jack Roslovic.
3:29 of 1st overtime period - Stopped by Jordan Binnington with a rebound.
3:31 of 1st overtime period - Shot by Jack Roslovic.
3:31 of 1st overtime period - Shot Misses the Net.
3:55 of 1st overtime period - Shot by Colin Blackwell.
3:55 of 1st overtime period - Stopped by Jordan Binnington without a rebound.
3:55 of 1st overtime period - Minor Penalty to Jordan Binnington for Slashing.
3:56 of 1st overtime period - Frederick Gaudreau wins face-off versus Jack Roslovic in WASHINGTON Capitals zone.
4:19 of 1st overtime period - Shot by Frederick Gaudreau.
4:19 of 1st overtime period - Shot Misses the Net.
4:48 of 1st overtime period - John Marino is hit by Shea Theodore.
5:10 of 1st overtime period - Shot by Yan Gourde.
5:10 of 1st overtime period - Shot Misses the Net.
5:14 of 1st overtime period - Shot by Bo Horvat.
5:14 of 1st overtime period - Shot Misses the Net.
5:16 of 1st overtime period - Shot by Yan Gourde.
5:16 of 1st overtime period - Stopped by Jordan Binnington without a rebound.
5:17 of 1st overtime period - Jared McCann wins face-off versus Bo Horvat in WASHINGTON Capitals zone.
5:30 of 1st overtime period - Shot by Carson Soucy.
5:30 of 1st overtime period - Stopped by Jordan Binnington with a rebound.
5:32 of 1st overtime period - Shot by Colin Blackwell.
5:32 of 1st overtime period - Stopped by Jordan Binnington without a rebound.
5:33 of 1st overtime period - Aleksander Barkov wins face-off versus Bo Horvat in WASHINGTON Capitals zone.
5:33 of 1st overtime period - Aleksander Barkov is hit by Bo Horvat.
6:58 of 1st overtime period - Icing by John Marino.
6:59 of 1st overtime period - Colin Blackwell wins face-off versus Dryden Hunt in COLUMBUS Blue Jackets zone.
7:27 of 1st overtime period - Dante Fabbro is hit by Shea Theodore and loses puck.
7:42 of 1st overtime period - Shot by Dryden Hunt.
7:42 of 1st overtime period - Goal by Dryden Hunt - COLUMBUS Blue Jackets : 5 - WASHINGTON Capitals : 6.
Goals for this period are 0 for COLUMBUS Blue Jackets vs 1 for WASHINGTON Capitals.
Shots for this period are 9 for COLUMBUS Blue Jackets vs 1 for WASHINGTON Capitals.